 Dungeon Crawl Stone Soup version 0.22-a0-422-g9628fc87f1 (webtiles) character file.

125 Ikesh the Charmwright (level 4, -7/36 HPs)
             Began as a Demigod Skald on May 19, 2018.
             Mangled by an ogre
             ... wielding a +0 giant club
              (10 damage)
             ... on level 4 of the Dungeon.
             The game lasted 00:23:39 (4038 turns).

Ikesh the Charmwright (Demigod Skald)               Turns: 4038, Time: 00:23:40

Health: -7/36      AC:  3    Str: 21    XL:     4   Next: 53%
Magic:  7/10       EV: 12    Int: 19    God:
Gold:   208        SH:  0    Dex: 15    Spells: 2/7 levels left

rFire    . . .     SeeInvis .   a - +0 spear
rCold    . . .     Gourm    .   (no shield)
rNeg     . . .     Faith    .   b - +0 leather armour
rPois    .         Spirit   .   (no helmet)
rElec    .         Reflect  .   (no cloak)
rCorr    .         Harm     .   (no gloves)
MR       .....                  (no boots)
Stlth    ++........             (no amulet)
HPRegen  0.12/turn              n - +3 ring of strength
MPRegen  0.12/turn              (no ring)

@: no status effects
A: high mp 1, strong 2
a: no special abilities


You were on level 4 of the Dungeon.
You were not hungry.

You visited 1 branch of the dungeon, and saw 4 of its levels.

You collected 208 gold pieces.

Inventory:

Hand Weapons
 a - a +0 spear (weapon)
Armour
 b - a +0 leather armour (worn)
 e - a +3 scale mail
Jewellery
 n - a +3 ring of strength (left hand)
Scrolls
 c - a scroll of amnesia
 f - a scroll of remove curse
 g - 5 scrolls of identify
 i - a scroll of immolation
 k - 2 scrolls of random uselessness
 l - a scroll of enchant weapon
Comestibles
 d - 9 rations


   Skills:
 + Level 2.1 Fighting
 + Level 2.5 Polearms
 + Level 1.4 Armour
 + Level 2.0 Dodging
 + Level 1.0 Stealth
 + Level 2.3 Spellcasting
 + Level 3.3 Charms
 + Level 0.8 Translocations


You had 2 spell levels left.
You knew the following spells:

 Your Spells              Type           Power        Failure   Level  Hunger
a - Infusion              Chrm           ###.         4%          1    #......
b - Shroud of Golubria    Chrm/Tloc      ##........   12%         2    ##.....
c - Song of Slaying       Chrm           ###.....     7%          2    ##.....

Your spell library contained the following spells:

 Spells                   Type           Power        Failure   Level  Hunger
 Regeneration             Chrm/Necr      #.........   28%         3    ###....
 Spectral Weapon          Hex/Chrm       #.......     28%         3    ###....


Dungeon Overview and Level Annotations

Branches:
Dungeon (4/15)
 Temple: D:4-7

Shops:
D:4 *

Annotations:
D:3 D1HalberdGnoll's ghost, amateur DsBe


Innate Abilities, Weirdness & Mutations

You have an increased reservoir of magic. (+10% MP)
Your muscles are very strong. (Str +4)


Message History

You aren't carrying any potions.
You hit the ogre.
The ogre is heavily wounded.
The ogre barely misses you.
Attack whom?
Press: ? - help, Dir - move target cursor, f/p - ogre
Aim: an ogre, wielding a giant club (heavily wounded)
You reach to attack!
You hit the ogre!
The ogre is severely wounded.
The ogre hits you with a giant club!
* * * LOW HITPOINT WARNING * * *
You hit the ogre.
The ogre is severely wounded.
Your magical infusion is running out.
You are no longer magically infusing your attacks.
You see here a ring mail.
You barely miss the ogre.
The ogre is severely wounded.
The ogre hits you with a giant club!
You die...

##.....##.....##
##.......<......##
#................#
#................#
#................#
#....>)..........#
#................#
#.[.............<####
######.........O@....##...
#......#............##....
..########.....#>..........
### #.................[.. #
#.................... ###
###.................(.#
..####.....................##
#..".).......................
..######.....................


You could see an ogre.

Vanquished Creatures
  An orc wizard (D:4)
  3 adders
  A dart slug (D:1)
  4 leopard geckos
  6 orcs
  2 ball pythons (D:3)
  4 bats
  5 goblins
  9 hobgoblins
  6 jackals
  6 kobolds
  2 frilled lizards
  4 rats
53 creatures vanquished.

Notes
Turn   | Place    | Note
-------+----------+-------------------------------------------
     0 | D:1      | Ikesh the Demigod Skald began the quest for the Orb.
     0 | D:1      | Reached XP level 1. HP: 17/17 MP: 5/5
   159 | D:1      | Reached skill level 3 in Charms
   448 | D:1      | Reached XP level 2. HP: 23/24 MP: 1/7
   495 | D:1      | Learned a level 2 spell: Shroud of Golubria
  1000 | D:1      | Reached skill level 1 in Armour
  1116 | D:1      | Gained mutation: Your muscles are strong. (Str +2) [potion of mutation]
  1116 | D:1      | Gained mutation: Your muscles are very strong. (Str +4) [potion of mutation]
  1278 | D:1      | Reached XP level 3. HP: 13/29 MP: 2/8
  1684 | D:2      | Learned a level 2 spell: Song of Slaying
  2457 | D:3      | Noticed D1HalberdGnoll's ghost (amateur DsBe)
  3003 | D:3      | Reached XP level 4. HP: 36/36 MP: 10/10
  3252 | D:2      | Found a glowing golden altar of the Shining One.
  3612 | D:4      | Found Ysedghiyq's General Store.
  3627 | D:4      | Reached skill level 1 in Stealth
  3989 | D:4      | Noticed an ogre
  4018 | D:4      | HP: 1/36 [ogre/giant club (12)]
  4038 | D:4      | Mangled by an ogre

Vault maps used:
D:1:      minmay_arrival_five_plusses
D:2:      nicolae_tso_carved_into_rock
D:3:      serial_park_tiny_2
D:4:      serial_shops, shop_fountains, roderic_cross_of_infinity

Skill      XL: |  1  2  3  4 |
---------------+-------------+-----
Charms         | 3 |  3.3
Polearms       | 2 |  2.5
Armour         | 1 |  1.4
Fighting       | 2 |  2.1
Spellcasting   | 2 |  2.3
Dodging        | 2 |  2.0
Stealth        | 1 |  1.0
Translocations | |  0.8

Action                   |  1- 3 |  4- 6 || total
-------------------------+-------+-------++-------
Melee: Spear             |   135 |    37 ||   172
 Cast: Infusion          |    19 |     3 ||    22
       Shroud of Golubri |    20 |    11 ||    31
       Song of Slaying   |       |     1 ||     1
  Use: Potion            |     5 |     1 ||     6
       Scroll            |     8 |     5 ||    13
 Stab: Sleeping          |     2 |     2 ||     4
  Eat: Chunk             |     9 |     1 ||    10
       Ration            |       |     1 ||     1
Armor: Leather armour    |    17 |     5 ||    22
       Plate armour      |     2 |       ||     2
Dodge: Dodged            |    78 |    20 ||    98

Table legend:
 A = Spawn XP
 B = Non-spawn XP
 C = Spawn XP percentage of total XP
 D = Spawn monster count
 E = Non-spawn monster count
 F = Spawn count percentage of total count
 G = Total turns spent on level
                    A         B        C        D         E        F      G
               +---------+---------+-------+---------+---------+-------+---------
         Total |       0 |     179 |   0.0 |       0 |      53 |   0.0 |  4038
               +---------+---------+-------+---------+---------+-------+---------
           D:1 |       0 |      63 |   0.0 |       0 |      20 |   0.0 |  1674
           D:2 |       0 |       8 |   0.0 |       0 |       5 |   0.0 |   912
           D:3 |       0 |      57 |   0.0 |       0 |      23 |   0.0 |   955
           D:4 |       0 |      51 |   0.0 |       0 |       5 |   0.0 |   497
               +---------+---------+-------+---------+---------+-------+---------
